 Dungeon Crawl Stone Soup version 0.22-a0-136-g83a10e5 (webtiles) character file.

16 mhoghedin the Chiller (level 2, 14/15 HPs)
             Began as a Kobold Ice Elementalist on Feb 3, 2018.
             Quit the game on level 1 of the Dungeon.
             The game lasted 00:01:17 (436 turns).

mhoghedin the Chiller (Kobold Ice Elementalist)      Turns: 436, Time: 00:01:18

Health: 14/15      AC:  2    Str:  5    XL:     2   Next: 70%
Magic:  5/5        EV: 15    Int: 16    God:
Gold:   8          SH:  0    Dex: 15    Spells: 5/6 levels left

rFire    . . .     SeeInvis .   d - +0 spear
rCold    . . .     Gourm    .   (shield restricted)
rNeg     . . .     Faith    .   a - +0 robe
rPois    .         Spirit   .   (no helmet)
rElec    .         Reflect  .   (no cloak)
rCorr    .         Harm     .   (no gloves)
MR       .....                  (no boots)
Stlth    ++........             (no amulet)
HPRegen  0.05/turn              (no ring)
MPRegen  0.09/turn              (no ring)

@: no status effects
A: small, carnivore
a: no special abilities


You were on level 1 of the Dungeon.
You were very full.

You visited 1 branch of the dungeon, and saw 1 of its levels.

You collected 8 gold pieces.

Inventory:

Hand Weapons
 d - a +0 spear (weapon)
   (You found it on level 1 of the Dungeon)
Armour
 a - a +0 robe (worn)
Scrolls
 e - a scroll of magic mapping {unknown}
Books
 b - a book of Frost
Comestibles
 c - a ration
 f - 2 chunks of flesh {@w0}


   Skills:
 - Level 2.4 Dodging
 - Level 2.6 Stealth
 + Level 2.7 Spellcasting
   Level 1.0 Conjurations
 + Level 3.4 Ice Magic


You had 5 spell levels left.
You knew the following spells:

 Your Spells              Type           Power        Failure   Level  Hunger
a - Freeze                Ice            ##..         4%          1    #......


Dungeon Overview and Level Annotations

Branches:
Dungeon (1/15)

Altars:


Innate Abilities, Weirdness & Mutations

You are small and have problems with some larger weapons.
You are carnivorous and can eat meat at any time.


Message History

Eating one of 3 chunks of flesh {@w0}.
You eat one of the 3 chunks of flesh {@w0}.
This raw flesh tastes great.
Eating one of 2 chunks of flesh {@w0}.
You eat one of the 2 chunks of flesh {@w0}.
This raw flesh tastes great.
Eating a chunk of flesh {@w0}.
You eat the chunk of flesh {@w0}.
This raw flesh tastes great.
Health restored: 15; MP restored: 5 Unknown command.
Okay, then.
The ooze is too close now for your liking.
Attack whom?
Aim: an ooze (hasn't noticed you)
You reach to attack!
The ooze quivers.
You hit the ooze but do no damage. You hit the ooze. The ooze hits you.
You take 2 damage, and have 13/15 hp.
You hit the ooze. The ooze hits you.
You take 3 damage, and have 10/15 hp.
You hit the ooze. The ooze hits you but does no damage.
You hit the ooze but do no damage. The ooze closely misses you.
The ooze barely misses you.
You hit the ooze.
The ooze jiggles.
The ooze barely misses you.
You barely miss the ooze. The ooze hits you.
You take 2 damage, and have 9/15 hp.
You are too injured to fight recklessly!
You are too injured to fight recklessly!
You hit the ooze. The ooze hits you.
* * * LOW HITPOINT WARNING * * *
You take 5 damage, and have 4/15 hp.
MASSIVE DAMAGE!!
Aim: an ooze (almost dead)
You freeze the ooze.
You kill the ooze!
You now have 4/5 mp.
You start resting.
Health restored: 15; MP restored: 5
Found a stone staircase leading down. 2 goblins and a hobgoblin come into view.
The goblin shouts!
The hobgoblin shouts!
A rat comes into view.
There are monsters nearby!
What are your orders? t - Shout!
Orders for allies: a - Attack new target. r - Retreat! s - Stop attacking. g - Guard the area. f - Follow me.
Anything else - Cancel.
You shout for attention!
The goblin shouts!
The rat moves out of view.
A bat comes into view.
You closely miss the rat. The rat misses you.
Attack whom?
Aim: a rat You closely miss the rat.
The rat bites you.
You take 2 damage, and have 13/15 hp.
Attack whom?
Aim: a rat You hit the rat.
You kill the rat!
Attack whom?
Aim: a goblin, wielding a club You hit the goblin.
You kill the goblin!
Attack whom?
Aim: a goblin You reach to attack!
You hit the goblin.
You kill the goblin!
Attack whom?
Aim: a hobgoblin, wielding a club You reach to attack!
You hit the hobgoblin.
Attack whom?
Aim: a hobgoblin, wielding a club (heavily wounded)
You hit the hobgoblin but do no damage. The hobgoblin barely misses you.
Attack whom?
Aim: a hobgoblin, wielding a club (heavily wounded)
You closely miss the hobgoblin. The hobgoblin closely misses you.
Attack whom?
Aim: a hobgoblin, wielding a club (heavily wounded)
You hit the hobgoblin.
You kill the hobgoblin!
Attack whom?
That would be overly suicidal.
Okay, then.
There isn't anything here!
There isn't anything here!
Things that are here:
a club x2; a goblin corpse You butcher the goblin corpse.
f - a chunk of flesh {@w0}
Things that are here:
a club x2; a goblin skeleton There isn't anything to butcher here.
You see here a goblin corpse.
You butcher the goblin corpse.
f - 2 chunks of flesh {@w0} (gained

1)
.#.##.#.....##..#
.#. #.#.#.......#
#. #.#.###.##..#
#.#.# #.#...##
#.#.# #.#....#
#.... ..#..#.#
###.# ###..#.# #.
#..#)# ..
#..#@###>...
#...........
#.##.###....
#.##.# .. #.##.#
.........?.....
####......g..b.
g.....####...
...####.# ..


There were no monsters in sight!

Vanquished Creatures
  An ooze (D:1)
  A leopard gecko (D:1)
  5 goblins (D:1)
  A hobgoblin (D:1)
  2 rats (D:1)
10 creatures vanquished.

Notes
Turn   | Place    | Note
-------+----------+-------------------------------------------
     0 | D:1      | mhoghedin the Kobold Ice Elementalist began the quest for the Orb.
     0 | D:1      | Reached XP level 1. HP: 10/10 MP: 3/3
    55 | D:1      | Reached XP level 2. HP: 10/15 MP: 1/5
   436 | D:1      | Quit the game

Vault maps used:
D:1:      scummos_arrival_checkerplants

Action                   || total
-------------------------++-------
Melee: Spear             ||    33
 Cast: Freeze            ||     4
  Eat: Chunk             ||     5
Armor: Robe              ||     6
Dodge: Dodged            ||    14

Table legend:
 A = Spawn XP
 B = Non-spawn XP
 C = Spawn XP percentage of total XP
 D = Spawn monster count
 E = Non-spawn monster count
 F = Spawn count percentage of total count
 G = Total turns spent on level
                    A         B        C        D         E        F      G
               +---------+---------+-------+---------+---------+-------+---------
         Total |       0 |      23 |   0.0 |       0 |      10 |   0.0 |   436
               +---------+---------+-------+---------+---------+-------+---------
           D:1 |       0 |      23 |   0.0 |       0 |      10 |   0.0 |   436
               +---------+---------+-------+---------+---------+-------+---------

Vault maps used:
D:1:      scummos_arrival_checkerplants

Table legend:
 A = Turns spent in this place as a percentage of turns spent in the entire game.
 B = Non-inter-level travel turns spent in this place as a percentage of non-inter-level travel turns spent in the entire game.
 C = Inter-level travel turns spent in this place as a percentage of turns spent in this place.
 D = Turns resting spent in this place as a percentage of non-inter-level travel turns spent in this place.
 E = Turns spent auto-exploring this place as a percentage of non-inter-level travel turns spent in this place.
 F = Non-inter-level travel turns spent in this place divided by the number of levels of this place that you've seen.
                   A       B       C       D       E      F
               +-------+-------+-------+-------+-------+----------------------
         Total | 100.0 | 100.0 |   0.0 |  70.6 |  12.4 | 436.0
       Dungeon | 100.0 | 100.0 |   0.0 |  70.6 |  12.4 | 436.0
               +-------+-------+-------+-------+-------+----------------------

Table legend:
 A = Kills in this place as a percentage of kills in entire the game.
 B = Kills by you in this place as a percentage of kills by you in the entire game.
 C = Kills by friends in this place as a percentage of kills by friends in the entire game.
 D = Other kills in this place as a percentage of other kills in the entire game.
 E = Experience gained in this place as a percentage of experience gained in the entire game.
 F = Experience gained in this place divided by the number of levels of this place that you have seen.
                   A       B       C       D       E      F
               +-------+-------+-------+-------+-------+----------------------
         Total | 100.0 | 100.0 |   N/A |   N/A | 100.0 |  23.0
       Dungeon | 100.0 | 100.0 |   N/A |   N/A | 100.0 |  23.0
               +-------+-------+-------+-------+-------+----------------------
